 Dungeon Crawl Stone Soup version 0.23-a0-650-ga4d50d4d25 (webtiles) character file.

23 Mazzaar the Digger (level 3, -5/19 HPs)
             Began as a Gargoyle Earth Elementalist on Jan 3, 2019.
             Killed from afar by a white imp (8 damage)
             ... with a puff of frost
             ... summoned by Natasha
             ... on level 2 of the Dungeon.
             The game lasted 00:03:49 (1541 turns).

Mazzaar the Digger (Gargoyle Earth Elementalist)    Turns: 1541, Time: 00:03:50

Health: -5/19      AC:  5    Str: 11    XL:     3   Next: 0%
Magic:  2/6        EV: 12    Int: 16    God:
Gold:   51         SH:  0    Dex: 10    Spells: 3/7 levels left

rFire    . . .     SeeInvis .   k - +2 hand axe (flame)
rCold    . . .     Gourm    .   (no shield)
rNeg     + . .     Faith    .   c - +0 robe
rPois    ∞         Spirit   .   (no helmet)
rElec    +         Reflect  .   (no cloak)
rCorr    .         Harm     .   (no gloves)
MR       .....                  (no boots)
Stlth    ++........             e - amulet of magic regeneration
HPRegen  0.06/turn              (no ring)
MPRegen  0.35/turn              (no ring)

@: very slightly contaminated
A: negative energy resistance 1, electricity resistance, unbreathing,
petrification resistance, rot immunity, AC +3
a: no special abilities


You were on level 2 of the Dungeon.
You were not hungry.

You visited 1 branch of the dungeon, and saw 2 of its levels.

You collected 51 gold pieces.

Inventory:

Hand Weapons
 i - a +0 club
 j - a +0 short sword
 k - a +2 hand axe of flaming (weapon)
Missiles
 b - 119 stones (quivered)
Armour
 c - a +0 robe (worn)
Jewellery
 e - an amulet of magic regeneration (around neck)
Scrolls
 a - a scroll of teleportation {unknown}
 f - a scroll of enchant weapon {unknown}
 g - a scroll of identify {unknown}
 l - a scroll of immolation {unknown}
Potions
 h - a potion of mutation {unknown}
 m - a potion of lignification {unknown}
 n - a potion of heal wounds {unknown}
Comestibles
 d - 3 rations


   Skills:
 - Level 1.5 Dodging
 - Level 2.1 Stealth
 + Level 2.6 Spellcasting
 + Level 0.0 Conjurations
   Level 0.7 Transmutations
 + Level 4.3 Earth Magic


You had 3 spell levels left.
You knew the following spells:

 Your Spells              Type           Power        Failure   Level  Hunger
a - Sandblast             Erth           ###...       3%          1    #......
b - Stone Arrow           Conj/Erth      #.....       24%         3    ###....

Your spell library contained the following spells:

 Spells                   Type           Power        Failure   Level  Hunger
 Passwall                 Tmut/Erth      ##......     11%         2    ##.....
 Petrify                  Tmut/Erth      ##......     56%         4    #####..
 Lee's Rapid Deconstruct  Erth           ###.......   65%         5    ######.


Dungeon Overview and Level Annotations

Branches:
Dungeon (2/15)

Altars:

Annotations:
D:2 Natasha


Innate Abilities, Weirdness & Mutations

You are resistant to torment.
Your stone body is resilient. (AC +3)
You are immune to poison.
You resist negative energy. (rN+)
You are resistant to electric shocks. (rElec)
You can survive without breathing.
You are immune to petrification.
You are immune to rotting.


Message History

Press: ? - help, Shift-Dir - straight line, f/p - Natasha
Aim: Natasha The blast of sand hits Natasha.
Natasha is severely wounded.
b - 120 stones Natasha claws you.
The white imp hits you. The white imp freezes you.
Unknown command.
Casting: Sandblast (safe; 3% risk of failure)
Confirm with . or Enter, or press ? or * to list all spells.
Aiming: Sandblast (safe; 3% risk of failure)
Press: ? - help, Shift-Dir - straight line, f/p - Natasha
Aim: Natasha (severely wounded)
The blast of sand misses Natasha.
b - 119 stones Natasha growls.
Natasha claws you.
* * * LOW HITPOINT WARNING * * *
The white imp gestures at you. The puff of frost hits you!
You die...

###.#..... #+ #.#.####
#.# #.#.##.. ...
#.#.##.# #.###+####
#.#.##.# #.........
#.#.##.# #####.........
#.#.#...
#....5.........#.#.#..#
#h@..!.....#.#.#...
#.#.#+####.#.#.#...
#.#.# #.#.#.#... #.#.#
#.#.#.#... #.#.#
#.#.#.#... #.#..
#.........
#.#########.##.#.#.
#............#.#.#.
#.############.#.##


You could see Natasha and a white imp.

Vanquished Creatures
  An adder (D:2)
  A leopard gecko (D:2)
  2 goblins (D:1)
  A hobgoblin (D:2)
  A frilled lizard (D:1)
  3 kobolds (D:1)
  6 rats (D:1)
15 creatures vanquished.

Notes
Turn   | Place    | Note
-------+----------+-------------------------------------------
     0 | D:1      | Mazzaar the Gargoyle Earth Elementalist began the quest for
                  | the Orb.
     0 | D:1      | Reached XP level 1. HP: 10/10 MP: 3/3
   554 | D:1      | Reached XP level 2. HP: 15/15 MP: 5/5
   573 | D:1      | Reached skill level 4 in Earth Magic
  1217 | D:2      | Reached XP level 3. HP: 9/19 MP: 4/6
  1222 | D:2      | Learned a level 3 spell: Stone Arrow
  1536 | D:2      | Noticed Natasha
  1541 | D:2      | Killed from afar by a white imp

Vault maps used:
D:1:      dpeg_arrival_stone_temple_mockup
D:2:      uniq_natasha, uniq_robin

Skill      XL: |  1  2 |
---------------+-------+-----
Earth Magic    | 4 |  4.3
Dodging        | |  1.5
Stealth        | |  2.1
Spellcasting   | |  2.6
Transmutations | |  0.7

Action                   || total
-------------------------++-------
Melee: Short sword       ||    14
       Dagger            ||     5
       Hand axe          ||     9
 Cast: Sandblast         ||    12
 Stab: Sleeping          ||     1
  Eat: Chunk             ||     2
Armor: Robe              ||    10
Dodge: Dodged            ||    15

Table legend:
 A = Non-vault XP
 B = Vault XP
 C = Vault XP percentage of total XP
 D = Non-vault monster count
 E = Vault monster count
 F = Vault count percentage of total count
                 A         B        C        D         E       F
            +---------+---------+-------+---------+---------+-------
      Total |      34 |       0 |   0.0 |      15 |       0 |   0.0
            +---------+---------+-------+---------+---------+-------
        D:1 |      15 |       0 |   0.0 |      12 |       0 |   0.0
        D:2 |      19 |       0 |   0.0 |       3 |       0 |   0.0
            +---------+---------+-------+---------+---------+-------
